 Dungeon Crawl Stone Soup version 0.18.1-48-g4cf74bf (webtiles) character file.

2808 tyranidshit the Fighter (level 9, -6/133 HPs)
             Began as a Minotaur Berserker on July 16, 2016.
             Was an Elder of Trog.
             Mangled by an orc warrior
             ... wielding a +0 scimitar
              (12 damage)
             ... on level 7 of the Dungeon.
             The game lasted 00:19:29 (4313 turns).

tyranidshit the Fighter (Minotaur Berserker)        Turns: 4313, Time: 00:19:30

Health: -6/133     AC: 15    Str: 30    XL:     9   Next: 44%
Magic:  8/8        EV: 11    Int:  4    God:    Trog [****..]
Gold:   279        SH:  0    Dex: 10    Spells: 0 memorised, 8 levels left

rFire  . . .     SeeInvis .     c - +0 war axe
rCold  . . .     Gourm    .     h - +0 chain mail
rNeg   . . .     Faith    .     (no shield)
rPois  .         Spirit   .     (helmet restricted)
rElec  .         Dismiss  .     A - +2 cloak
rCorr  .         Reflect  .     (no gloves)
SustAt .         Harm     .     (no boots)
MR     .....                    (no amulet)
Stlth  ..........               (no ring)
                                o - +2 ring of protection

@: berserking, very quick, not resistant to hostile enchantments, extremely
unstealthy
A: retaliatory headbutt, horns 2
a: Berserk, Trog's Hand, Brothers in Arms, Burn Spellbooks, Renounce Religion


You were on level 7 of the Dungeon.
You worshipped Trog.
Trog was greatly pleased with you.
You were hungry.

You visited 1 branch of the dungeon, and saw 7 of its levels.

You collected 279 gold pieces.

Inventory:

Hand Weapons
 c - a +0 war axe (weapon)
 C - a +0 blowgun
Missiles
 w - 26 poisoned needles
Armour
 h - a +0 chain mail (worn)
 A - a +2 cloak (worn)
Jewellery
 i - an uncursed ring of wizardry
 o - a +2 ring of protection (left hand)
 q - an uncursed ring of positive energy
 v - an uncursed ring of teleportation
 x - an uncursed ring of resist corrosion
Wands
 k - a wand of flame (20/48)
 r - a wand of polymorph (5/24)
 t - a wand of flame (22/48)
 y - a wand of polymorph (11/24)
Scrolls
 g - a scroll of amnesia
 l - 2 scrolls of fog
 m - 2 scrolls of identify
 n - 3 scrolls of teleportation
 p - a scroll of magic mapping
 u - 2 scrolls of remove curse
 B - a scroll of recharging
Potions
 a - a potion of cancellation {unknown}
 b - 3 potions of might
 d - 3 potions of ambrosia
 e - 2 potions of curing
 s - a potion of berserk rage {unknown}
 z - 3 potions of degeneration {unknown}
 D - a potion of beneficial mutation {unknown}
Comestibles
 j - 3 beef jerkies


   Skills:
 - Level 11.4 Fighting
 + Level 7.2 Axes
 + Level 6.9 Armour
 + Level 6.1 Dodging


You had 8 spell levels left.
You didn't know any spells.

Dungeon Overview and Level Annotations

Branches:
Dungeon (7/15)             Temple (0/1) D:6

Altars:
Cheibriados
Dithmenos
Okawaru
Ru
Vehumet
The Shining One

Annotations:
D:4 exclusion: statue


Innate Abilities, Weirdness & Mutations

You reflexively headbutt those who attack you in melee.
You have a pair of horns on your head.


Message History

* * * LOW HITPOINT WARNING * * *
You don't know any spells.
A red film seems to cover your vision as you go berserk!
You feel yourself moving faster!
You feel mighty!
You feel somewhat more hungry. The orc warrior barely misses you.
A wight comes into view. It is wielding an enchanted spear.
You slash the orc warrior!
The orc warrior is severely wounded.
The orc warrior hits you with a scimitar!
* * * LOW HITPOINT WARNING * * *
You hit the orc warrior. Your headbutt misses the orc warrior.
The orc warrior is severely wounded.
The orc priest calls down the wrath of Beogh upon you.
Beogh smites you!
* * * LOW HITPOINT WARNING * * *
An orc priest comes into view. It is wielding a dagger.
You barely miss the orc warrior. Your headbutt misses the orc warrior.
The orc warrior is severely wounded.
The orc warrior hits you with a scimitar!
You die...

#.######.#
.........#
.#####>.#####(
#........
#.######. #.#
#.# #.# #@#
#o# #o# #z#


oz# ### You could see an orc warrior, 2 wights and 2 orc priests.

Vanquished Creatures
  The ghost of simples the Sneak, a novice SpEn of Kikubaaqudgha (D:5)
  Grinder (D:6)
  Sigmund (D:2)
  The ghost of tyranidshit the Skirmisher, an amateur MiBe of Trog (D:4)
  A hippogriff (D:5)
  An ice beast (D:6)
  An orc warrior (D:3)
  A sky beast (D:7)
  3 centaurs
  Blork the orc (D:4)
  2 giant frogs
  A scorpion (D:5)
  5 wights (D:7)
  2 crimson imps (D:5)
  2 howler monkeys
  A hound (D:6)
  A jelly (D:7)
  5 orc wizards
  2 orc priests
  Crazy Yiuf (D:6)
  A centaur skeleton (D:5)
  A giant frog skeleton (D:5)
  2 iguanas
  Natasha (thrice) (D:2)
  Terence (D:2)
  2 worker ants
  A mummy (D:5)
  A worker ant zombie (D:5)
  A howler monkey zombie (D:6)
  12 adders
  A gnoll (D:1)
  2 shadow imps
  An ooze (D:3)
  An adder skeleton (D:5)
  3 worms (D:2)
  A dart slug (D:2)
  A giant gecko (D:6)
  20 orcs
  6 bats
  8 giant cockroaches
  10 goblins
  8 hobgoblins
  10 jackals
  2 quokkas
  2 ball pythons (D:6)
  7 giant newts
  8 kobolds
  7 rats
157 creatures vanquished.

Notes
Turn   | Place    | Note
--------------------------------------------------------------
     0 | D:1      | tyranidshit the Minotaur Berserker began the quest for the Orb.
     0 | D:1      | Reached XP level 1. HP: 19/19 MP: 0/0
     9 | D:1      | Reached skill level 4 in Fighting
     9 | D:1      | Reached XP level 2. HP: 25/28 MP: 1/1
   431 | D:1      | Reached skill level 5 in Fighting
   650 | D:2      | Reached XP level 3. HP: 31/36 MP: 2/2
   676 | D:2      | Reached ** piety under Trog
   750 | D:2      | Noticed Sigmund
   762 | D:2      | Killed Sigmund
   762 | D:2      | Reached skill level 7 in Fighting
   762 | D:2      | Reached XP level 4. HP: 32/48 MP: 3/3
   762 | D:2      | Reached XP level 5. HP: 35/53 MP: 4/4
   800 | D:2      | Noticed Terence
   811 | D:2      | Killed Terence
   815 | D:2      | Reached skill level 8 in Fighting
  1031 | D:2      | Noticed Natasha
  1041 | D:2      | Killed Natasha
  1041 | D:2      | Reached XP level 6. HP: 44/61 MP: 5/5
  1092 | D:2      | Noticed Natasha
  1095 | D:2      | Killed Natasha
  1195 | D:2      | Noticed Natasha
  1202 | D:2      | Killed Natasha
  1250 | D:3      | Found a shadowy altar of Dithmenos.
  1332 | D:3      | Noticed an orc warrior
  1340 | D:3      | Killed an orc warrior
  1340 | D:3      | Reached skill level 9 in Fighting
  1343 | D:3      | Reached *** piety under Trog
  1343 | D:3      | Reached XP level 7. HP: 60/71 MP: 6/6
  1707 | D:3      | Reached skill level 10 in Fighting
  2163 | D:4      | Noticed Blork the orc
  2171 | D:4      | Killed Blork the orc
  2227 | D:4      | Found a radiant altar of Vehumet.
  2286 | D:4      | Noticed tyranidshit's ghost (amateur MiBe)
  2293 | D:4      | Killed tyranidshit's ghost
  2293 | D:4      | Reached skill level 11 in Fighting
  2341 | D:4      | Reached **** piety under Trog
  2345 | D:4      | Reached XP level 8. HP: 60/82 MP: 7/7
  2432 | D:5      | Entered Level 5 of the Dungeon
  2530 | D:5      | Found a glowing golden altar of the Shining One.
  2575 | D:5      | Noticed simples's ghost (novice SpEn)
  2583 | D:5      | Killed simples's ghost
  2583 | D:5      | Reached skill level 5 in Axes
  2610 | D:5      | Found a sacrificial altar of Ru.
  2836 | D:5      | Reached skill level 5 in Armour
  2875 | D:5      | Found a snail-covered altar of Cheibriados.
  3048 | D:5      | Found an iron altar of Okawaru.
  3275 | D:6      | Reached skill level 5 in Dodging
  3275 | D:6      | Reached XP level 9. HP: 82/89 MP: 8/8
  3296 | D:6      | Noticed Crazy Yiuf
  3302 | D:6      | Killed Crazy Yiuf
  3380 | D:6      | Noticed Grinder
  3382 | D:6      | Paralysed by Grinder for 6 turns
  3417 | D:6      | Killed Grinder
  3450 | D:6      | Found a staircase to the Ecumenical Temple.
  4312 | D:7      | HP: 6/133 [orc priest/divine providence (12)]
  4313 | D:7      | Mangled by an orc warrior

Skill      XL: |  1  2  3  4  5  6  7  8  9 |
---------------+----------------------------+-----
Fighting       | 4 5 7 8 9 11 | 11.4
Axes           | 6 7 |  7.2
Armour         | 5 6 |  6.9
Dodging        | 5 6 |  6.1

Action                   |  1- 3 |  4- 6 |  7- 9 || total
-------------------------+-------+-------+-------++-------
Melee: Hand axe          |    75 |    71 |   147 ||   293
       Headbutt          |    11 |    18 |    53 ||    82
       War axe           |       |       |   168 ||   168
Invok: Trog's Hand       |     1 |     1 |     2 ||     4
       Berserk           |     1 |     1 |     4 ||     6
  Use: Scroll            |       |     8 |     6 ||    14
       Potion            |       |     4 |     1 ||     5
  Eat: Bread ration      |       |     1 |     2 ||     3
       Royal jelly       |       |       |     1 ||     1
       Pizza             |       |       |     1 ||     1
Armor: Animal skin       |    22 |     4 |       ||    26
       Chain mail        |       |    28 |   218 ||   246
Dodge: Dodged            |    57 |    29 |   168 ||   254
